 Dungeon Crawl Stone Soup version 0.20.1-1-g8b1a95d (webtiles) character file.

143 Ymberti the Shield-Bearer (level 5, -1/46 HPs)
             Began as a Hill Orc Fighter on Oct 4, 2017.
             Slain by a gnoll
             ... wielding a +2 halberd of protection
              (11 damage)
             ... on level 3 of the Dungeon.
             The game lasted 00:05:14 (1917 turns).

Ymberti the Shield-Bearer (Hill Orc Fighter)        Turns: 1917, Time: 00:05:14

Health: -1/46      AC:  8    Str: 19    XL:     5   Next: 25%
Magic:  1/1        EV:  7    Int:  8    God:
Gold:   123        SH:  9    Dex: 11    Spells: 4/4 levels left

rFire    . . .     SeeInvis +   o - +2 spear (antimagic)
rCold    . . .     Gourm    .   c - +0 shield
rNeg     . . .     Faith    .   b - +0 scale mail
rPois    .         Spirit   .   j - +0 helmet
rElec    .         Reflect  .   (no cloak)
rCorr    .         Harm     .   (no gloves)
MR       .....                  (no boots)
Stlth    ..........             (no amulet)
Regen    0.2/turn               k - ring of see invisible
MPRegen  0.1/turn               n - ring of loudness (curse)

@: no status effects
A: no striking features
a: no special abilities


You were on level 3 of the Dungeon.
You were not hungry.

You visited 1 branch of the dungeon, and saw 3 of its levels.

You collected 123 gold pieces.

Inventory:

Hand Weapons
 o - a +2 antimagic spear (weapon)
Armour
 b - a +0 scale mail (worn)
 c - a +0 shield (worn)
 j - a +0 helmet (worn)
Jewellery
 k - a ring of see invisible (left hand)
 n - a cursed ring of loudness (right hand)
 s - an uncursed ring of positive energy {unknown}
Scrolls
 a - a scroll of recharging
 i - 2 scrolls of enchant weapon {unknown}
 m - 2 scrolls of enchant armour {unknown}
 r - a scroll of teleportation {unknown}
 t - a scroll of amnesia {unknown}
 v - a scroll of identify
 w - 2 scrolls of remove curse
Potions
 d - a potion of might
 e - 2 potions of brilliance
 f - a potion of curing
 h - 2 potions of heal wounds
 l - a potion of ambrosia {unknown}
 p - a potion of resistance {unknown}
 q - 2 potions of mutation {unknown}
Comestibles
 g - a meat ration
 u - a bread ration


   Skills:
 + Level 4.0 Fighting
   Level 2.5 Long Blades
 + Level 1.4 Polearms
 + Level 4.3 Armour
 + Level 0.7 Dodging
 + Level 4.6 Shields


You had 4 spell levels left.
You didn't know any spells.

Dungeon Overview and Level Annotations

Branches:
Dungeon (3/15)

Altars:
Hepliaklqana


Message History

Aim: a gnoll, wielding a halberd of protection (moderately wounded)
The goblin is in the way.
You completely miss the goblin.
The goblin is heavily wounded.
The goblin hits you but does no damage.
The gnoll hits you from afar with a halberd of protection.
* * * LOW HITPOINT WARNING * * *
Attack whom?
Press: ? - help, Dir - move target cursor, f/p - gnoll
Aim: a gnoll, wielding a halberd of protection (lightly wounded)
You reach to attack!
You hit the gnoll.
The gnoll is moderately wounded.
The goblin barely misses you. The gnoll barely misses you.
Attack whom?
Press: ? - help, Dir - move target cursor, f/p - gnoll
Aim: a gnoll, wielding a halberd of protection (moderately wounded)
You reach to attack!
You hit the gnoll but do no damage.
The gnoll is moderately wounded.
You block the goblin's attack.
The gnoll hits you from afar with a halberd of protection!
You die...

#.######.#.#.##.#
#........#.#....#
##########.######
######.########
............(... #
#######.######## ####.
#.#
......##########.########
....>ggg@............)...
......##########+##..)###
..... #.......### ....
#.......... .).
#.......### .. #.......#
# #.....).# #.......#
#....####


You could see 2 gnolls and a goblin.

Vanquished Creatures
  2 gnolls (D:3)
  4 adders
  An ooze (D:1)
  2 worms (D:2)
  3 dart slugs
  A leopard gecko (D:1)
  An orc (D:3)
  8 bats
  2 giant cockroaches (D:1)
  11 goblins
  9 hobgoblins
  2 jackals (D:1)
  6 kobolds
  3 quokkas
  2 frilled lizards
  11 rats
68 creatures vanquished.

Notes
Turn   | Place    | Note
-------+----------+-------------------------------------------
     0 | D:1      | Ymberti the Hill Orc Fighter began the quest for the Orb.
     0 | D:1      | Reached XP level 1. HP: 19/19 MP: 1/1
   263 | D:1      | Reached XP level 2. HP: 27/27 MP: 2/2
   557 | D:1      | Reached XP level 3. HP: 31/33 MP: 3/3
  1125 | D:2      | Reached XP level 4. HP: 33/40 MP: 1/4
  1189 | D:2      | Found a hazy altar of Hepliaklqana.
  1640 | D:3      | Reached skill level 1 in Polearms
  1841 | D:3      | Reached XP level 5. HP: 46/46 MP: 1/5
  1917 | D:3      | Slain by a gnoll

Skill      XL: |  1  2  3  4 |
---------------+-------------+-----
Shields        | 4 |  4.6
Armour         | 4 |  4.3
Fighting       | 4 |  4.0
Polearms       | 1 |  1.4
Long Blades    | |  2.5
Dodging        | |  0.7

Action                   |  1- 3 |  4- 6 || total
-------------------------+-------+-------++-------
Melee: Long sword        |    74 |       ||    74
       Spear             |    68 |   164 ||   232
  Use: Scroll            |     4 |     2 ||     6
  Eat: Bread ration      |     1 |       ||     1
       Royal jelly       |     1 |       ||     1
Armor: Scale mail        |    85 |    94 ||   179
Dodge: Dodged            |    60 |    63 ||   123
Block: Shield            |    80 |   111 ||   191
       Rpst.: Long sword |     8 |       ||     8
